 Dungeon Crawl Stone Soup version 0.28-a0-1518-gbe868bca14 (webtiles) character file.

Game seed: 9667664897548738635

6 knot the Chopper (level 1, -2/27 HPs)
             Began as a Demonspawn Berserker on Jan 17, 2022.
             Was a Follower of Trog.
             Slain by an adder (4 damage)
             ... on level 2 of the Dungeon.
             The game lasted 00:00:23 (700 turns).

knot the Chopper (Demonspawn Berserker)              Turns: 700, Time: 00:00:23

Health: -2/27      AC:  3    Str: 17    XL:     1   Next: 75%
Magic:  1/1        EV: 12    Int:  8    God:    Trog [*.....]
Gold:   28         SH:  0    Dex: 12    Spells: 0/0 levels left

rFire   . . .      SeeInvis .   a - +0 hand axe
rCold   . . .      Faith    .   (no shield)
rNeg    . . .      Spirit   .   b - +0 animal skin
rPois   .          Reflect  .   h - +0 helmet
rElec   .          Harm     .   (no cloak)
rCorr   .          Rampage  .   (no gloves)
Will    .....                   (no boots)
Stlth   ..........              (no amulet)
HPRegen 0.09/turn               (no ring)
MPRegen 0.07/turn               (no ring)

@: berserking, lethally poisoned (-2 -> -8), very quick
A: no striking features
a: Renounce Religion, Berserk


You were on level 2 of the Dungeon.
You worshipped Trog.
Trog was aware of your devotion.
You visited 1 branch of the dungeon, and saw 2 of its levels.

You collected 28 gold pieces.

Inventory:

Hand Weapons
 a - a +0 hand axe (weapon)
Missiles
 c - 26 stones (quivered)
 d - 28 sling bullets
Armour
 b - a +0 animal skin (worn)
 h - a +0 helmet (worn)
Scrolls
 e - a scroll of enchant weapon {unknown}
 f - a scroll of teleportation {unknown}
 g - a scroll of noise {unknown}


   Skills:
 - Level 3.0 Fighting
 + Level 3.1 Axes
 - Level 1.7 Armour
 - Level 1.7 Dodging


You couldn't memorise any spells.
You didn't know any spells.
Your spell library was empty.

Dungeon Overview and Level Annotations

Branches:
Dungeon (1/15)

Altars:


Message History

No target in view!
No target in view!
An endoplasm comes into view.
The endoplasm quivers.
An endoplasm is nearby!
You hit the endoplasm.
The endoplasm is almost dead.
The endoplasm barely misses you.
The endoplasm hits you but does no damage.
You hit the endoplasm.
You kill the endoplasm!
Trog accepts your kill.
No target in view!
No target in view!
An adder comes into view.
The adder hisses angrily.
An adder is nearby!
The adder bites you.
You are poisoned.
The adder poisons you!
You miss the adder.
You feel sick. The adder bites you.
You hit the adder.
The adder is heavily wounded.
You feel sick. The adder barely misses you.
You barely miss the adder.
The adder is heavily wounded.
You feel sick. The adder bites you. x2
* * * LOW HITPOINT WARNING * * *
A red film seems to cover your vision as you go berserk!
You feel yourself moving faster!
You feel mighty!
You feel sick.
You are no longer poisoned.
The adder bites you.
* * * LOW HITPOINT WARNING * * *
You are lethally poisoned!
The adder poisons you!
You miss the adder.
The adder is moderately wounded.
* * * LOW HITPOINT WARNING * * *
You feel sick. The adder bites you.
You die...

......##......#.
...#####......#
............#..+
###...#...######
#.............#
.....#.#......#
...>.###......# ###
..............####.....
.##...........@S......
#...................
#####...........####
#...........#
#.............
####...........
#.##......... #.
...#.#....


You could see an adder.

Vanquished Creatures
  2 endoplasms
  A goblin (D:1)
  A bat (D:1)
  2 rats (D:1)
6 creatures vanquished.

Vanquished Creatures (others)
  A plant (D:1)
1 creature vanquished.

Grand Total: 7 creatures vanquished

Notes
Turn   | Place    | Note
-------+----------+-------------------------------------------
     0 | D:1      | knot the Demonspawn Berserker began the quest for the Orb.
     0 | D:1      | Reached XP level 1. HP: 18/18 MP: 1/1
   322 | D:1      | Found a faded altar of an unknown god.
   651 | D:1      | You fall into a shaft and drop 1 floor!
   700 | D:2      | Slain by an adder

Illustrated notes

Levels and vault maps discovered:
D:1:      lightli_arrival_boilingwater, layout_basic,
          chequers_ecumenical_altar_lobes, chequers_jeans
D:2:      layout_basic, basic_altar

Skill      XL: |  1 |
---------------+----+-----
Axes           | 3 |  3.1
Fighting       | |  3.0
Armour         | |  1.7
Dodging        | |  1.7

Action                   || total
-------------------------++-------
Melee: Hand axe          ||    23
Invok: Berserk           ||     1
 Stab: Sleeping          ||     1
Armor: Animal skin       ||     6
Dodge: Dodged            ||     9

Table legend: (Time is in decaauts)
 A = Elapsed time spent in this place.
 B = Non-inter-level travel time spent in this place.
 C = Inter-level travel time spent in this place.
 D = Time resting spent in this place.
 E = Time spent auto-exploring this place.
 F = Levels seen in this place.
 G = Mean time per level.
                   A        B        C        D        E       F      G
               +--------+--------+--------+--------+--------+-----+--------+
         Total |    705 |    705 |      0 |      0 |    633 |   2 |  352.5 |
       Dungeon |    705 |    705 |      0 |      0 |    633 |   2 |  352.5 |
               +--------+--------+--------+--------+--------+-----+--------+

Top non-repeatable levels by time:
     D:1: 656 daAuts
     D:2: 49 daAuts
